 Dungeon Crawl Stone Soup version 0.30-a0-743-gbfdf073431 (webtiles) character file.

Game seed: 6004893873323226950

33 M4edhros the Sneak (level 3, 0/26 HPs)
             Began as an Octopode Delver on Feb 7, 2023.
             Slain by an orc
             ... wielding a +0 dagger
              (4 damage)
             ... on level 5 of the Dungeon.
             The game lasted 00:00:31 (112 turns).

M4edhros the Sneak (Octopode Delver)                 Turns: 112, Time: 00:00:32

Health: 0/26       AC:  1    Str: 11    XL:     3   Next: 29%
Magic:  3/3        EV: 13    Int: 12    God:
Gold:   28         SH:  0    Dex: 15    Spells: 2/2 levels left

rFire   . . .      SeeInvis .      - Unarmed
rCold   . . .      Faith    .    (no shield)
rNeg    . . .      Spirit   .    (helmet restricted)
rPois   .          Reflect  .    (no amulet)
rElec   .          Harm     .    (no ring)
rCorr   .          Rampage  .    (no ring)
Will    .....                    (no ring)
Stlth   ++++                     (no ring)
HPRegen 0.24/turn                (no ring)
MPRegen 0.08/turn                (no ring)
                                 (no ring)
                                 (no ring)

@: hasted, very quick
A: almost no armour, amphibious, 8 rings, camouflage 1, gelatinous body 1,
(nimble swimmer 1), tentacles
a: no special abilities


You were on level 5 of the Dungeon.
You visited 1 branch of the dungeon, and saw 1 of its levels.

You collected 28 gold pieces.

Inventory:

Wands
 e - a wand of digging (3)
Scrolls
 a - a scroll of fog
 b - a scroll of magic mapping
 c - a scroll of fear
 f - 2 scrolls of immolation {unknown}
 g - a scroll of identify {unknown}


   Skills:
 - Level 3.0 Fighting
 - Level 2.0 Dodging
 - Level 6.6 Stealth
 + Level 3.6 Unarmed Combat


You had 2 spell levels left.
You didn't know any spells.
Your spell library was empty.

Dungeon Overview and Level Annotations

Branches:
Dungeon (5/15)
 Temple: D:4-7

Altars:


Innate Abilities, Weirdness & Mutations

You cannot wear most types of armour.
You are amphibious.
You can wear up to eight rings at the same time.
Your skin changes colour to match your surroundings (Stealth+).
Your rubbery body absorbs attacks. (AC +1, EV +1)
((You are camouflaged when in or above water. (Stealth+)))
You have tentacles for arms and can constrict up to eight enemies at once.


Message History

You grab the orc wizard.
The orc wizard is heavily wounded.
You constrict the orc wizard.
The orc wizard points at you and mumbles some strange words.
You are confused.
The orc hits you with a +0 dagger.
You closely miss the orc wizard.
The orc wizard is heavily wounded.
You constrict the orc wizard, but do no damage.
The orc wizard hits you with a +0 dagger.
The orc hits you with a +0 dagger.
You bump into the rock wall.
You constrict the orc wizard. The orc misses you.
The orc wizard completely misses you.
You release your grip on the orc wizard.
You bump into the rock wall.
The orc wizard misses you.
The orc wizard attacks as you move away!
The orc wizard hits you with a +0 dagger.
You barely miss the orc wizard.
The orc wizard is heavily wounded.
The orc wizard closely misses you.
You tentacle-slap the orc wizard.
The orc wizard is almost dead.
The orc wizard closely misses you.
You miss the orc wizard.
The orc wizard is almost dead.
You feel less confused.
The orc wizard points at you and mumbles some strange words.
The magic dart hits you!
* * * LOW HITPOINT WARNING * * *
You closely miss the orc wizard. You grab the orc wizard.
The orc wizard is almost dead.
You constrict the orc wizard.
You kill the orc wizard!
Your Unarmed Combat skill increases to level 3!
You have reached level 3!
Your experience leads to an increase in your attributes!
Increase (S)trength, (I)ntelligence, or (D)exterity?
You feel agile. x2
You feel yourself speed up. The orc hits you with a +0 dagger.
You die...

############
#>oo@......##########
#.########..........#
...##o.################.#
.............# #.#
.........)...# ######'#
..........o..# #.......
..<........or# #.......
............... #.......
.##............. #.......


You could see 2 orcs.

Vanquished Creatures
  An orc wizard (D:5)
  An ufetubus (D:5)
  An orc (D:5)
  A quokka (D:5)
4 creatures vanquished.

Notes
Turn   | Place    | Note
-------+----------+-------------------------------------------
     0 | D:5      | M4edhros the Octopode Delver began the quest for the Orb.
     0 | D:5      | Reached XP level 1. HP: 16/16 MP: 1/1
    12 | D:5      | Noticed a scorpion
    83 | D:5      | Noticed an orc wizard
    86 | D:5      | Reached XP level 2. HP: 19/21 MP: 2/2
   112 | D:5      | Reached XP level 3. HP: 4/26 MP: 3/3
   112 | D:5      | Slain by an orc

Illustrated notes

Levels and vault maps discovered:
D:5:      layout_basic, gammafunk_temple_overflow_elements, enter_ossuary_4

Skill      XL: |  1  2 |
---------------+-------+-----
Unarmed Combat | 3 |  3.6
Fighting       | |  3.0
Dodging        | |  2.0
Stealth        | |  6.6

Action                     || total
---------------------------++-------
  Melee: Unarmed           ||    16
         Constrict         ||     5
         Punch             ||     1
         Tentacles         ||     1
    Use: Potion            ||     1
  Dodge: Dodged            ||    15

Table legend: (Time is in decaauts)
 A = Elapsed time spent in this place.
 B = Non-inter-level travel time spent in this place.
 C = Inter-level travel time spent in this place.
 D = Time resting spent in this place.
 E = Time spent auto-exploring this place.
 F = Levels seen in this place.
 G = Mean time per level.
                   A        B        C        D        E       F      G
               +--------+--------+--------+--------+--------+-----+--------+
         Total |    111 |    111 |      0 |      4 |      0 |   1 |  111.0 |
       Dungeon |    111 |    111 |      0 |      4 |      0 |   1 |  111.0 |
               +--------+--------+--------+--------+--------+-----+--------+

Top non-repeatable levels by time:
     D:5: 111 daAuts
